 Dungeon Crawl Stone Soup version 0.23.2-1-ga50397a6bc (webtiles) character file.

Game seed: 7886376207576051495

367551 Peloso the Hoplite (level 21, -26/198 HPs)
             Began as a Minotaur Fighter on May 29, 2019.
             Was the Champion of Okawaru.
             Killed from afar by a Hell Sentinel (41 damage)
             ... with an iron shot
             ... summoned by a deep elf demonologist
             ... on level 3 of the Elven Halls.
             The game lasted 02:37:31 (48833 turns).

Peloso the Hoplite (Minotaur Fighter)              Turns: 48833, Time: 02:37:31

Health: -26/198    AC: 31    Str: 47    XL:     21   Next: 62%
Magic:  22/22      EV: 16    Int:  2    God:    Okawaru [******]
Gold:   3088       SH: 32    Dex: 14    Spells: 21/21 levels left

rFire    + . .     SeeInvis .   a - +6 demon blade of Woveac {venom, Str+4}
rCold    . . .     Gourm    .   c - +2 large shield {AC+3}
rNeg     + + +     Faith    .   w - +5 chain mail of Ru's Hope {rC- Str+8}
rPois    +         Spirit   .   e - +2 hat {MR+}
rElec    .         Reflect  .   H - scarf {rC+ rF+}
rCorr    .         Harm     .   G - +2 pair of gloves {Str+3}
MR       +++..                  x - +1 pair of boots of the Guardian {rN+++ MR+ Int-3}
Stlth    ..........             g - amulet of magic regeneration
HPRegen  0.43/turn              m - +5 ring of strength
MPRegen  0.43/turn              F - ring of poison resistance

@: no status effects
A: retaliatory headbutt, horns 2
}: 2/15 runes: barnacled, gossamer
a: Heroism, Finesse, Renounce Religion


You were on level 3 of the Elven Halls.
You worshipped Okawaru.
Okawaru was exalted by your worship.
You were very hungry.

You visited 7 branches of the dungeon, and saw 35 of its levels.
You also visited: Bailey and Gauntlet.

You collected 3640 gold pieces.
You spent 552 gold pieces at shops.

Inventory:

Hand Weapons
 a - the +6 demon blade of Woveac (weapon) {venom, Str+4}
   (Okawaru gifted it to you on level 3 of the Lair of Beasts)

   It poisons the flesh of those it strikes.
   It affects your strength (+4).
 b - a +3 scimitar of flaming
 q - a +0 double sword of holy wrath
 D - the cursed +2 falchion "Minotaur's Bane" {slice, Str+4 Stlth+}
   (You took it off a deep elf archer on level 2 of the Elven Halls)

   It inflicts extra damage upon your enemies.
   It affects your strength (+4).
   It makes you more stealthy.
   It has a curse placed upon it.
Armour
 c - a +2 large shield of protection (worn)
 e - a +2 hat of magic resistance (worn)
 r - a +1 pair of boots of flying
 w - the +5 chain mail of Ru's Hope (worn) {rC- Str+8}
   (You found it on level 14 of the Dungeon)

   It affects your strength (+8).
   It makes you vulnerable to cold.
 x - the +1 pair of boots of the Guardian (worn) {rN+++ MR+ Int-3}
   (Okawaru gifted it to you on level 12 of the Dungeon)

   It affects your intelligence (-3).
   It renders you almost immune to negative energy.
   It affects your resistance to hostile enchantments.
 G - a +2 pair of gloves of strength (worn)
 H - a scarf of resistance (worn)
 Y - a +1 pair of boots of running
Jewellery
 g - an amulet of magic regeneration (around neck)
 m - a +5 ring of strength (left hand)
 A - an uncursed ring of ice
 F - a ring of poison resistance (right hand)
 I - an uncursed ring of wizardry
 L - the ring of Ihisid {rElec rPois rN+ Dex-4 SInv, unknown}
   (You found it on level 3 of the Elven Halls)

   [ring of positive energy]

   It affects your dexterity (-4).
   It insulates you from electricity.
   It protects you from poison.
   It protects you from negative energy.
   It lets you see invisible.
 M - the ring "Anetaim" {rPois MP+9 Dex-5 Slay+5 SInv, unknown}
   (You found it on level 3 of the Elven Halls)

   [ring of magical power]

   It affects your dexterity (-5).
   It affects your accuracy and damage with ranged weapons and melee attacks
   (+5).
   It protects you from poison.
   It affects your magic capacity (+9).
   It lets you see invisible.
 R - the ring of Phasing {EV+8}
   (You found it on level 3 of the Elven Halls)

   [ring of evasion]

   It affects your evasion (+8).
Wands
 j - a wand of polymorph (8)
 z - a wand of random effects (23)
Scrolls
 h - a scroll of brand weapon
 k - a scroll of holy word
 l - 2 scrolls of fog
 n - 20 scrolls of remove curse
 o - a scroll of enchant weapon
 u - 6 scrolls of blinking
 y - 2 scrolls of fear
 C - 4 scrolls of teleportation
 J - 2 scrolls of noise
 K - 13 scrolls of identify
 Q - 5 scrolls of magic mapping
Potions
 d - 2 potions of might
 p - a potion of invisibility
 s - 5 potions of agility
 t - 8 potions of heal wounds
 v - 12 potions of curing
 B - a potion of brilliance
 E - a potion of magic
 V - 2 potions of resistance
 X - 2 potions of mutation
Miscellaneous
 i - a phantom mirror
 N - a crystal ball of energy
 O - a fan of gales
 P - a fan of gales
Comestibles
 f - 51 rations


   Skills:
 + Level 19.3 Fighting
 + Level 20.0 Long Blades
 + Level 1.0 Throwing
 + Level 18.0 Armour
 + Level 8.9 Dodging
 + Level 2.3 Stealth
 + Level 25.6 Shields
 + Level 1.1 Unarmed Combat
 + Level 0.5 Spellcasting
 + Level 2.9 Invocations
 + Level 2.0 Evocations


You had 21 spell levels left.
You didn't know any spells.
Your spell library contained the following spells:

 Spells                   Type           Power        Failure   Level  Hunger
 Animate Skeleton         Necr           N/A          77%         1    ##.....
 Apportation              Tloc           #.....       77%         1    ##.....
 Confusing Touch          Hex            #.....       77%         1    ##.....
 Freeze                   Ice            #...         77%         1    ##.....
 Infusion                 Chrm           #...         77%         1    ##.....
 Sandblast                Erth           #.....       77%         1    ##.....
 Shock                    Conj/Air       #...         77%         1    ##.....
 Summon Small Mammal      Summ           #...         77%         1    ##.....
 Ensorcelled Hibernation  Hex/Ice        #.....       88%         2    ###....
 Passwall                 Tmut/Erth      #.......     88%         2    ###....
 Shroud of Golubria       Chrm/Tloc      #.........   88%         2    ###....
 Song of Slaying          Chrm           #.......     88%         2    ###....
 Swiftness                Chrm/Air       #.......     88%         2    ###....
 Throw Flame              Conj/Fire      #.....       88%         2    ###....
 Throw Frost              Conj/Ice       #.....       88%         2    ###....
 Ozocubu's Armour         Chrm/Ice       #.......     98%         3    ####...
 Recall                   Summ/Tloc      N/A          98%         3    ####...
 Regeneration             Chrm/Necr      #.........   98%         3    ####...
 Spectral Weapon          Hex/Chrm       #.......     98%         3    ####...
 Static Discharge         Conj/Air       #.......     98%         3    ####...
 Stone Arrow              Conj/Erth      #.....       98%         3    ####...
 Airstrike                Air            #.........   100%        4    #####..
 Cause Fear               Hex            #.........   100%        4    #####..
 Passage of Golubria      Tloc           N/A          100%        4    #####..
 Petrify                  Tmut/Erth      #.......     100%        4    #####..
 Summon Ice Beast         Ice/Summ       #.......     100%        4    #####..
 Throw Icicle             Conj/Ice       #.......     100%        4    #####..
 Aura of Abjuration       Summ           #.........   100%        5    ######.
 Bolt of Magma            Conj/Fire/Erth #.........   100%        5    ######.
 Fireball                 Conj/Fire      #.........   100%        5    ######.
 Irradiate                Conj/Tmut      #.........   100%        5    ######.
 Iskenderun's Battlesphe  Conj/Chrm      #.......     100%        5    ######.
 Lee's Rapid Deconstruct  Erth           #.........   100%        5    ######.
 Lightning Bolt           Conj/Air       #.........   100%        5    ######.
 Silence                  Hex/Air        #.........   100%        5    ######.
 Summon Demon             Summ           #.........   100%        5    ######.
 Summon Forest            Summ/Tloc      #.........   100%        5    ######.
 Summon Mana Viper        Hex/Summ       #.......     100%        5    ######.
 Venom Bolt               Conj/Pois      #.........   100%        5    ######.
 Yara's Violent Unravell  Hex/Tmut       #.........   100%        5    ######.
 Darkness                 Hex            #.........   100%        6    #######
 Deflect Missiles         Chrm/Air       #.........   100%        6    #######
 Hydra Form               Tmut           #.........   100%        6    #######
 Invisibility             Hex            #.......     100%        6    #######
 Iron Shot                Conj/Erth      #.........   100%        6    #######
 Shadow Creatures         Summ           N/A          100%        6    #######
 Simulacrum               Ice/Necr       #.........   100%        6    #######
 Statue Form              Tmut/Erth      #........    100%        6    #######
 Dragon Form              Tmut           #.........   100%        7    #######
 Orb of Destruction       Conj           #.........   100%        7    #######
 Spellforged Servitor     Conj/Summ      #.........   100%        7    #######
 Discord                  Hex            #.........   100%        8    #######


Dungeon Overview and Level Annotations

Branches:
Dungeon (15/15)            Temple (1/1) D:5            Lair (6/6) D:10
 Shoals (4/4) Lair:3       Spider (4/4) Lair:3        Slime (0/5) Lair:6
    Orc (2/2) D:10            Elf (3/3) Orc:2        Vaults (0/5) D:13
 Depths (0/5) D:15

Altars:
Ashenzari
Cheibriados
Dithmenos
Elyvilon
Gozag
Hepliaklqana
Kikubaaqudgha
Makhleb
Nemelex Xobeh
Okawaru
Qazlal
Ru
Sif Muna
Uskayaw
Vehumet
Wu Jian
Xom
Zin
The Shining One
Beogh
Jiyva

Shops:
D:2 *   D:5 :   D:8 *   D:12 *   D:13 :   D:15 !   Orc:2 %[=?   Elf:3 !


Innate Abilities, Weirdness & Mutations

You reflexively headbutt those who attack you in melee.
You have a pair of horns on your head.


Message History

You block the Hell Sentinel's attack. The Hell Sentinel hits you!
Unknown command.
You slice the deep elf annihilator!!
Your headbutt misses the deep elf annihilator.
The deep elf annihilator is almost dead.
You block the Hell Sentinel's attack. x2
The reaper shouts, "I have come for you, Peloso!"
You block the reaper's attack.
The deep elf annihilator gestures at you while chanting.
The crystal spear hits you!!!!
* * * LOW HITPOINT WARNING * * *
The Hell Sentinel hits you but does no damage.
The Hell Sentinel hits you!
* * * LOW HITPOINT WARNING * * *
You slice the deep elf annihilator!!
You kill the deep elf annihilator!
Okawaru accepts your kill. The Hell Sentinel gestures at you.
The iron shot hits you!!!
You die...

#.'........⌠..⌠...
#.#...............
#.##..............
#..##.######..####
#...###...≈≈..≈≈..
#......(.(≈≈.)≈≈..
#(#####..)≈≈.(≈≈..
#)#####...≈≈.(≈≈..
#@1...######..####
#1##### #..####
#e2 #..##!. #e34
#..##.) #.)..
#..##|. #.$)..
#..##|| #######
#))#### #))#
##))####


You could see 2 Hell Sentinels, a reaper, a deep elf demonologist, a ghostly
deep elf high priest, a smoke demon and a chaos spawn.

Vanquished Creatures
  Bai Suzhen (Shoals:2)
  Arachne (Spider:2)
  Rupert (D:14)
  2 deep elf master archers (Elf:3)
  3 deep elf blademasters
  A kraken (Shoals:3)
  Gastronok (D:8)
  Frances (Shoals:2)
  The ghost of Voijuyru the Cruncher, an adept VSEn of Gozag (Elf:2)
  Roxanne (D:15)
  Kirke (D:14)
  4 deep elf sorcerers
  An orc warlord (Orc:2)
  5 emperor scorpions
  A frost giant (D:15)
  4 ghost moths
  Aizul (Spider:4)
  5 deep elf elementalists
  The ghost of u8823 the Spear-Bearer, a journeyman DrFi of Uskayaw (Lair:6)
  4 entropy weavers
  9 deep elf demonologists (Elf:3)
  2 spark wasps
  A minotaur (Gauntlet)
  6 merfolk javelineers (Shoals:4)
  9 deep elf annihilators
  Snorg (Orc:1)
  8 deep elf death magi
  Josephine (D:10)
  8 merfolk impalers
  Harold (Lair:1)
  2 deep elf high priests
  3 hydras
  11 centaur warriors
  3 catoblepae
  4 merfolk avatars
  An alligator (Lair:6)
  An alligator snapping turtle (Shoals:3)
  8 two-headed ogres
  7 merfolk aquamancers
  26 death yaks
  3 satyrs
  A tengu warrior (Gauntlet)
  A death scarab (Gauntlet)
  26 dancing weapons
  5 orc high priests (Orc:2)
  A spectral death yak (Gauntlet)
  Nergalle (Orc:1)
  27 deep elf knights
  5 skeletal warriors
  3 small abominations
  A large abomination (Elf:1)
  15 sea snakes
  3 unseen horrors (D:12)
  A wizard (D:15)
  23 deep elf archers
  A necromancer (D:13)
  10 orc knights
  10 ugly things
  21 harpies
  24 orb spiders
  45 wolf spiders
  5 orc sorcerers
  13 manticores
  20 fauns
  3 oklob plants
  79 deep elf magi
  5 cyclopes
  A moth of wrath (Spider:2)
  4 black mambas
  5 merfolk sirens
  5 centaur zombies
  5 water nymphs
  A gargoyle (D:14)
  12 spiny frogs
  4 torpor snails
  2 rime drakes (Lair:6)
  An efreet (D:13)
  3 komodo dragons
  A freezing wraith (D:12)
  A yaktaur (D:15)
  4 kobold demonologists
  10 demonic crawlers
  2 tengu conjurers (Gauntlet)
  A queen bee (Lair:1)
  4 trolls
  37 jumping spiders
  6 polar bears (Lair:6)
  32 merfolk
  10 wind drakes
  Prince Ribbit (D:8)
  10 snapping turtles
  10 slime creatures
  32 blink frogs
  A dream sheep (Lair:6)
  6 hippogriffs
  19 hornets
  86 redbacks
  4 air elementals
  A centaur simulacrum (D:14)
  2 shadows
  15 spriggans
  A tarantella (shapeshifter) (Elf:1)
  30 tarantellas
  4 basilisks
  Sigmund (D:3)
  17 water elementals
  6 wraiths
  A wyvern (Lair:2)
  27 yaks
  A vampire (D:14)
  5 fire elementals
  A steam dragon (Lair:4)
  2 hungry ghosts
  3 vampire mosquitoes (D:12)
  7 wargs
  2 acid dragons (Gauntlet)
  10 water moccasins
  7 porcupines
  2 black bears
  44 orc warriors
  6 sky beasts
  2 phantoms
  2 necrophages
  16 ogres
  A tengu (shapeshifter) (Elf:1)
  3 boggarts (Lair:6)
  20 centaurs
  33 wolves
  10 crocodiles
  12 bullfrogs
  6 big kobolds
  2 earth elementals (Elf:2)
  A water moccasin zombie (D:8)
  A hornet simulacrum (D:15)
  2 scorpions
  11 killer bees (Lair:1)
  10 wights
  A howler monkey (D:4)
  8 electric eels
  9 crimson imps
  20 orc wizards
  3 jellies
  8 centaur skeletons
  25 orc priests
  5 hounds
  3 bullfrog skeletons
  Terence (D:3)
  4 iguanas
  8 worker ants
  A hound zombie (D:6)
  A hound skeleton (D:2)
  Robin (D:4)
  6 gnolls
  A howler monkey zombie (D:9)
  A worker ant zombie (D:5)
  11 adders
  2 shadow imps
  An ooze (D:1)
  2 adder zombies
  2 worms
  4 dart slugs
  6 leopard geckos
  110 orcs
  A ball python (D:3)
  6 giant cockroaches
  19 goblins
  7 hobgoblins
  4 jackals
  3 quokkas
  7 bats
  5 frilled lizards
  25 kobolds
  A quokka skeleton (D:5)
  8 rats
  A bush (Lair:1)
  3 crawling corpses
  A fungus (Elf:2)
  7 plants
  A tentacle (Shoals:3)
1494 creatures vanquished.

Vanquished Creatures (others)
  A deep elf knight (Elf:1)
  An unseen horror (D:14)
  2 deep elf magi (Elf:1)
  A wolf spider (Spider:4)
  A redback (Spider:1)
  An iguana (D:13)
  An orc (Orc:2)
  9 fungi
  12 plants
  6 tentacles (Shoals:3)
35 creatures vanquished.

Grand Total: 1529 creatures vanquished

Notes
Turn   | Place    | Note
-------+----------+-------------------------------------------
     0 | D:1      | Peloso the Minotaur Fighter began the quest for the Orb.
     0 | D:1      | Reached XP level 1. HP: 19/19 MP: 0/0
   155 | D:1      | Reached XP level 2. HP: 27/27 MP: 1/1
   219 | D:1      | Reached skill level 4 in Shields
   528 | D:1      | Reached XP level 3. HP: 23/33 MP: 2/2
   805 | D:2      | Found a burning altar of Makhleb.
   805 | D:2      | Noticed a blizzard demon
   934 | D:2      | Found Gozag's Platinum Reserve.
  1046 | D:2      | Reached XP level 4. HP: 40/40 MP: 3/3
  1159 | D:2      | Found an opulent altar of Gozag.
  1386 | D:3      | Noticed Sigmund
  1402 | D:3      | Killed Sigmund
  1402 | D:3      | Reached skill level 5 in Armour
  1402 | D:3      | Reached skill level 1 in Dodging
  1402 | D:3      | Reached XP level 5. HP: 42/47 MP: 4/4
  1413 | D:3      | Reached XP level 6. HP: 44/53 MP: 5/5
  1568 | D:3      | Reached skill level 5 in Long Blades
  1644 | D:3      | Noticed Terence
  1671 | D:3      | Killed Terence
  1710 | D:3      | Reached skill level 5 in Shields
  2106 | D:4      | Noticed Robin
  2199 | D:4      | Killed Robin
  2407 | D:4      | Reached XP level 7. HP: 60/60 MP: 6/6
  2919 | D:5      | Entered Level 5 of the Dungeon
  2925 | D:5      | Reached skill level 5 in Fighting
  2980 | D:5      | Found a sacrificial altar of Ru.
  3242 | D:5      | Found Ritzy's Book Shop.
  3313 | D:5      | Found a staircase to the Ecumenical Temple.
  3322 | Temple   | Entered the Ecumenical Temple
  3329 | Temple   | Became a worshipper of Warmaster Okawaru
  3815 | D:6      | Reached skill level 6 in Shields
  3843 | D:6      | Reached XP level 8. HP: 22/69 MP: 7/7
  3850 | D:6      | HP: 1/69 [orc priest/divine providence (15)]
  4912 | D:6      | Found a glowing golden altar of the Shining One.
  5151 | D:7      | Reached * piety under Okawaru
  5194 | D:7      | Reached skill level 7 in Shields
  5357 | D:7      | Reached skill level 1 in Stealth
  5576 | D:7      | Reached ** piety under Okawaru
  5579 | D:7      | Reached XP level 9. HP: 56/75 MP: 8/8
  5585 | D:7      | Found a shimmering altar of Xom.
  5761 | D:7      | Found an ancient bone altar of Kikubaaqudgha.
  5802 | D:8      | Found Awkyqila's Assorted Antiques.
  5905 | D:8      | Noticed Gastronok
  5928 | D:8      | Killed Gastronok
  5928 | D:8      | Reached *** piety under Okawaru
  5928 | D:8      | Reached skill level 10 in Long Blades
  5928 | D:8      | Reached skill level 8 in Shields
  5928 | D:8      | Reached XP level 10. HP: 45/86 MP: 9/9
  6334 | D:8      | Noticed Prince Ribbit
  6369 | D:8      | Killed Prince Ribbit
  6369 | D:8      | Reached **** piety under Okawaru
  6429 | D:8      | Found a white marble altar of Elyvilon.
  6548 | D:9      | Found a snail-covered altar of Cheibriados.
  6760 | D:9      | Reached skill level 9 in Shields
  7038 | D:9      | Reached ***** piety under Okawaru
  7053 | D:9      | Found an ornate altar of the Wu Jian Council.
  7283 | D:9      | Found a deep blue altar of Sif Muna.
  7463 | D:10     | Entered Level 10 of the Dungeon
  7677 | D:10     | Noticed an oklob plant
  7828 | D:10     | Found a staircase to the Lair.
  8110 | D:10     | Noticed a two-headed ogre
  8117 | D:10     | Killed a two-headed ogre
  8117 | D:10     | Reached XP level 11. HP: 69/95 MP: 8/10
  8227 | D:10     | Found a staircase to the Orcish Mines.
  8405 | D:10     | Noticed a two-headed ogre
  8416 | D:10     | Killed a two-headed ogre
  8416 | D:10     | Reached skill level 10 in Armour
  8416 | D:10     | Reached skill level 10 in Shields
  9238 | D:11     | Found a snail-covered altar of Cheibriados.
  9648 | D:11     | Noticed a white ugly thing
  9663 | D:11     | Killed a white ugly thing
 10178 | D:11     | Noticed a white ugly thing
 10179 | D:11     | Found a shadowy altar of Dithmenos.
 10184 | D:11     | Noticed a two-headed ogre
 10431 | D:11     | Killed a white ugly thing
 10666 | D:11     | Killed a two-headed ogre
 11137 | D:12     | Killed an unseen horror
 11137 | D:12     | Received a gift from Okawaru
 11140 | D:12     | Got a pair of transparent boots {god gift}
 11146 | D:12     | Identified the +1 pair of boots of the Guardian {rN+++ MR+
                  | Int-3} (Okawaru gifted it to you on level 12 of the
                  | Dungeon)
 11326 | D:12     | Reached skill level 1 in Invocations
 11390 | D:12     | Found a flagged portal.
 11485 | Bailey   | Entered a bailey
 11968 | Bailey   | Noticed an orc knight
 11968 | Bailey   | Noticed an orc knight
 12059 | Bailey   | Reached XP level 12. HP: 59/106 MP: 11/11
 12769 | Bailey   | Reached skill level 11 in Shields
 12792 | Bailey   | Got a faintly glowing silver ring
 12796 | Bailey   | Identified the ring of Ekepsac {*Tele Int+4} (You found it
                  | in a bailey)
 13022 | D:12     | Reached skill level 10 in Fighting
 13176 | D:12     | Noticed a two-headed ogre
 13185 | D:12     | Killed a two-headed ogre
 13574 | D:12     | Found Usenuapp's Assorted Antiques.
 14032 | D:13     | Received a gift from Okawaru
 14086 | D:13     | Noticed a centaur warrior
 14090 | D:13     | Reached ****** piety under Okawaru
 14090 | D:13     | Reached skill level 12 in Shields
 14330 | D:13     | Killed a centaur warrior
 14662 | D:13     | Found Plog's Book Boutique.
 14852 | D:13     | Found a gate to the Vaults.
 15096 | Lair:1   | Entered Level 1 of the Lair of Beasts
 15096 | Lair:1   | Found a radiant altar of Vehumet.
 15127 | Lair:1   | Noticed Harold
 15148 | Lair:1   | Killed Harold
 15470 | Lair:1   | Reached XP level 13. HP: 116/116 MP: 12/12
 16128 | Lair:2   | Found a gate leading to a gauntlet.
 16142 | Gauntlet | Entered a Gauntlet
 16142 | Gauntlet | Found a transporter.
 16142 | Gauntlet | Found a transporter.
 16143 | Gauntlet | Found a transporter.
 16146 | Gauntlet | Found a transporter.
 16147 | Gauntlet | Found a transporter.
 16159 | Gauntlet | Found a transporter.
 16170 | Gauntlet | Found a transporter.
 16181 | Gauntlet | Found a transporter.
 16195 | Gauntlet | Found a transporter.
 16203 | Gauntlet | Found a transporter.
 16220 | Gauntlet | Found a transporter.
 16271 | Gauntlet | Found a transporter.
 16599 | Gauntlet | Reached skill level 13 in Shields
 17050 | Gauntlet | Got a slimy ivory ring
 17052 | Gauntlet | Identified the cursed ring of Kobbyuk {+Inv rPois EV-4}
                  | (You found it in a Gauntlet)
 17062 | Gauntlet | Identified the ring "Yrirogui" {rC+ rN+}
 17062 | Gauntlet | Noticed a minotaur
 17078 | Gauntlet | Killed a minotaur
 17078 | Gauntlet | Reached skill level 15 in Long Blades
 17451 | Lair:2   | Received a gift from Okawaru
 18548 | Lair:3   | Found a staircase to the Shoals.
 18780 | Lair:3   | Found a hole to the Spider Nest.
 18817 | Lair:3   | Received a gift from Okawaru
 18831 | Lair:3   | Got an ebony demon blade {god gift}
 18832 | Lair:3   | Identified the +6 demon blade of Woveac {venom, Str+4}
                  | (Okawaru gifted it to you on level 3 of the Lair of Beasts)
 19034 | Lair:4   | Reached skill level 14 in Shields
 19163 | Lair:4   | Received a gift from Okawaru
 19163 | Lair:4   | Reached XP level 14. HP: 75/127 MP: 14/14
 19171 | Lair:4   | Got a warped crystal plate armour {god gift}
 19182 | Lair:4   | Identified the +2 crystal plate armour "Elucuido" {rElec
                  | MR+ Str-4 Int+4} (Okawaru gifted it to you on level 4 of
                  | the Lair of Beasts)
 20112 | Lair:5   | Reached skill level 15 in Armour
 20782 | Lair:6   | Entered Level 6 of the Lair of Beasts
 20900 | Lair:6   | Noticed u8823's ghost (journeyman DrFi)
 20901 | Lair:6   | Found a transporter.
 20905 | Lair:6   | Found a transporter.
 20906 | Lair:6   | Found a staircase to the Slime Pits.
 20907 | Lair:6   | Found a viscous altar of Jiyva.
 21151 | Lair:6   | Reached skill level 15 in Shields
 21267 | Lair:6   | Received a gift from Okawaru
 21595 | Lair:6   | Reached skill level 16 in Shields
 21745 | Lair:6   | Reached XP level 15. HP: 129/138 MP: 15/15
 22393 | Lair:6   | Killed u8823's ghost
 22855 | Orc:1    | Entered Level 1 of the Orcish Mines
 22855 | Orc:1    | Noticed Josephine
 22868 | D:10     | Killed Josephine
 23032 | Orc:1    | You fall through a shaft!
 23032 | Orc:2    | Entered Level 2 of the Orcish Mines
 23166 | Orc:1    | Noticed Nergalle
 23175 | Orc:1    | Killed Nergalle
 23175 | Orc:1    | Received a gift from Okawaru
 23447 | Orc:2    | Found a staircase to the Elven Halls.
 23893 | Orc:2    | Found a roughly hewn altar of Beogh.
 23967 | Orc:2    | Reached skill level 17 in Shields
 23983 | Orc:2    | Found Pyczima's Magic Scroll Boutique.
 24002 | Orc:2    | Bought a scroll of enchant armour for 82 gold pieces
 24002 | Orc:2    | Bought a scroll of identify for 22 gold pieces
 24002 | Orc:2    | Bought a scroll of identify for 22 gold pieces
 24002 | Orc:2    | Bought a scroll of identify for 22 gold pieces
 24002 | Orc:2    | Bought a scroll of enchant armour for 82 gold pieces
 24002 | Orc:2    | Bought a scroll of blinking for 82 gold pieces
 24009 | Orc:2    | Found Zoawk's Jewellery Shop.
 24215 | Orc:2    | Noticed an orc warlord
 24219 | Orc:2    | Found a roughly hewn altar of Beogh.
 24232 | Orc:2    | Killed an orc warlord
 24539 | Orc:2    | Found Boeshrow's Food Shop.
 24660 | Orc:2    | Found Poujouh's Antique Armour Shoppe.
 25604 | Orc:1    | Noticed Snorg
 25622 | Orc:1    | Killed Snorg
 25677 | Orc:1    | Reached skill level 15 in Fighting
 26293 | D:14     | Got a dazzling chain mail
 26304 | D:14     | Identified the +5 chain mail of Ru's Hope {rC- Str+8} (You
                  | found it on level 14 of the Dungeon)
 26602 | D:14     | Received a gift from Okawaru
 26619 | D:14     | Identified the +4 scythe "Zuog" {slice, Int+7}
 26889 | D:14     | Noticed Kirke
 26898 | D:14     | Killed Kirke
 26902 | D:14     | Noticed Rupert
 26911 | D:14     | Killed Rupert
 26911 | D:14     | Reached skill level 18 in Shields
 27139 | D:15     | Entered Level 15 of the Dungeon
 27150 | D:15     | Reached XP level 16. HP: 125/149 MP: 16/16
 27963 | D:15     | Found Jikhomy's Distillery.
 28012 | D:15     | Noticed Roxanne
 28029 | D:15     | Killed Roxanne
 28251 | D:15     | Received a gift from Okawaru
 28258 | D:15     | Found a staircase to the Depths.
 28594 | Spider:1 | Entered Level 1 of the Spider Nest
 29054 | Shoals:1 | Entered Level 1 of the Shoals
 29076 | Shoals:1 | Reached skill level 19 in Shields
 29359 | Shoals:1 | Reached skill level 5 in Dodging
 30862 | Shoals:2 | Received a gift from Okawaru
 30862 | Shoals:2 | Noticed Frances
 30865 | Shoals:2 | Reached XP level 17. HP: 127/158 MP: 17/17
 30880 | Shoals:2 | Killed Frances
 31596 | Shoals:3 | Reached skill level 20 in Shields
 31788 | Shoals:3 | Noticed Bai Suzhen
 31818 | Shoals:2 | Killed Bai Suzhen
 32292 | Shoals:3 | Noticed a kraken
 32304 | Shoals:3 | Killed a kraken
 32582 | Shoals:4 | Entered Level 4 of the Shoals
 32712 | Shoals:4 | Received a gift from Okawaru
 33734 | Shoals:4 | Reached skill level 21 in Shields
 34409 | Lair:1   | Identified a +1 pair of boots of running (Okawaru gifted it
                  | to you on level 4 of the Shoals)
 34623 | Shoals:4 | Reached skill level 1 in Evocations
 35169 | Shoals:4 | Got a barnacled rune of Zot
 36078 | Spider:1 | Received a gift from Okawaru
 36119 | Spider:1 | Reached XP level 18. HP: 94/169 MP: 18/18
 36580 | Spider:1 | Identified a scroll of acquirement
 37136 | Spider:2 | Received a gift from Okawaru
 37231 | Spider:2 | Reached skill level 22 in Shields
 38193 | Spider:3 | Received a gift from Okawaru
 38194 | Spider:3 | Noticed Arachne
 38212 | Spider:2 | Killed Arachne
 39474 | Spider:4 | Entered Level 4 of the Spider Nest
 39544 | Spider:4 | Reached skill level 1 in Throwing
 39544 | Spider:4 | Reached skill level 1 in Unarmed Combat
 39544 | Spider:4 | Reached XP level 19. HP: 177/177 MP: 19/19
 39693 | Spider:4 | Got an iridescent war axe
 39694 | Spider:4 | Identified the +3 war axe of Uddui {pain, *Slow rF+ Str+3
                  | Dex+3} (You found it on level 4 of the Spider Nest)
 39757 | Spider:4 | Noticed Aizul
 39769 | Spider:4 | Killed Aizul
 39917 | Spider:4 | Reached skill level 23 in Shields
 40582 | Spider:4 | Reached XP level 20. HP: 78/187 MP: 0/20
 40936 | Spider:4 | Received a gift from Okawaru
 41326 | Spider:4 | Got a gossamer rune of Zot
 42283 | Elf:1    | Entered Level 1 of the Elven Halls
 43064 | Elf:1    | Identified the Handbook of Torrid Snow
 43168 | Elf:1    | Reached skill level 24 in Shields
 43540 | Elf:1    | Received a gift from Okawaru
 43555 | Elf:1    | Got a pair of ichor-stained gloves {god gift}
 43566 | Elf:1    | Identified the +0 pair of gloves of the King {rPois Int+7
                  | Dex-5 Stlth+} (Okawaru gifted it to you on level 1 of the
                  | Elven Halls)
 44059 | Elf:2    | Found an ancient bone altar of Kikubaaqudgha.
 44447 | Elf:2    | Found a huge runed translucent gate.
 44447 | Elf:2    | Found a huge runed translucent gate.
 44447 | Elf:2    | Found a huge runed translucent gate.
 44449 | Elf:2    | Found a huge runed translucent gate.
 44450 | Elf:2    | Found a huge runed translucent gate.
 44524 | Elf:2    | Found a runed translucent door.
 44525 | Elf:2    | Noticed Voijuyru's ghost (adept VSEn)
 44549 | Elf:2    | Killed Voijuyru's ghost
 45848 | Elf:3    | Entered Level 3 of the Elven Halls
 45915 | Elf:3    | Identified the cursed +2 falchion "Minotaur's Bane" {slice,
                  | Str+4 Stlth+}
 45972 | Elf:3    | Received a gift from Okawaru
 45972 | Elf:3    | Reached XP level 21. HP: 179/196 MP: 21/21
 46205 | Elf:3    | Found the ring of Phasing {EV+8}
 46686 | Elf:3    | Found Qeulaf's Distillery.
 46695 | Elf:3    | Bought a potion of magic for 120 gold pieces
 46695 | Elf:3    | Bought a potion of agility for 60 gold pieces
 46695 | Elf:3    | Bought a potion of agility for 60 gold pieces
 46833 | Elf:3    | Reached skill level 25 in Shields
 47531 | Elf:3    | Received a gift from Okawaru
 48299 | Elf:3    | Found a deep blue altar of Sif Muna.
 48661 | Elf:3    | Got an ancient brass ring
 48667 | Elf:3    | Got a slimy marble ring
 48818 | Elf:3    | Received a gift from Okawaru
 48833 | Elf:3    | Killed from afar by a Hell Sentinel

Skill      XL: |  1  2  3  4  5  6  7  8  9 10 11 12 13 14 15 16 17 18 19 20 21 |
---------------+----------------------------------------------------------------+-----
Fighting       | 4 5 6 7 8 9 11 12 14 15 16 17 18 19 | 19.3
Armour         | 4 5 6 7 8 9 12 13 14 15 16 17 18 | 18.0
Shields        | 4 5 6 7 8 9 10 12 14 16 18 19 21 22 23 24 25 | 25.6
Long Blades    | 3 4 5 6 8 10 12 13 14 15 16 17 18 19 20 | 20.0
Dodging        | 1 2 3 5 6 7 8 |  8.9
Stealth        | 1 2 |  2.3
Invocations    | 1 2 |  2.9
Evocations     | 1 2 |  2.0
Throwing       | 1 |  1.0
Unarmed Combat | 1 |  1.1
Spellcasting   | |  0.5

Action                   |  1- 3 |  4- 6 |  7- 9 | 10-12 | 13-15 | 16-18 | 19-21 || total
-------------------------+-------+-------+-------+-------+-------+-------+-------++-------
Melee: Long sword        |    81 |   188 |   238 |   706 |       |       |       ||  1213
       Headbutt          |    12 |    35 |    61 |   245 |   372 |   429 |   340 ||  1494
       Scimitar          |       |       |       |   104 |   244 |     3 |       ||   351
       Demon blade       |       |       |       |       |  1062 |  1275 |  1185 ||  3522
Invok: Heroism           |       |       |     1 |    10 |     5 |    10 |     4 ||    30
Evoke: Wand              |       |       |       |     6 |     4 |     3 |     8 ||    21
  Use: Scroll            |       |     7 |     2 |    15 |    12 |     6 |    11 ||    53
       Potion            |       |       |     1 |     7 |       |     3 |     2 ||    13
  Eat: Chunk             |       |     5 |    11 |    22 |    32 |    33 |    19 ||   122
       Ration            |       |       |       |     3 |     2 |     2 |     3 ||    10
Armor: Scale mail        |    31 |    76 |       |       |       |       |       ||   107
       Chain mail        |       |    33 |   100 |     5 |    22 |   479 |   316 ||   955
       Plate armour      |       |       |       |   149 |       |       |       ||   149
       Crystal plate arm |       |       |       |   164 |   512 |       |       ||   676
Dodge: Dodged            |    22 |    65 |    52 |   152 |   199 |   418 |   192 ||  1100
Block: Shield            |    32 |   129 |   100 |   431 |   462 |       |       ||  1154
       Large shield      |       |       |       |       |   732 |  2038 |  1244 ||  4014
       Rpst.: Long sword |     6 |    19 |    20 |    28 |       |       |       ||    73
       Scimitar          |       |       |       |     7 |    14 |       |       ||    21
       Demon blade       |       |       |       |       |    36 |    70 |    34 ||   140
